 Dungeon Crawl Stone Soup version 0.29.1-15-g9cfb28693d (webtiles) character file.

Game seed: 13618866219826448879

337 KittyFluff the Cudgeller (level 6, -5/57 HPs)
             Began as a Gargoyle Berserker on Apr 16, 2023.
             Was a Priest of Trog.
             Killed by divine providence
             ... invoked by an orc priest
              (12 damage)
             ... on level 5 of the Dungeon.
             The game lasted 00:13:12 (3838 turns).

KittyFluff the Cudgeller (Gargoyle Berserker)       Turns: 3838, Time: 00:13:12

Health: -5/57      AC:  7    Str: 26    XL:     6   Next: 54%
Magic:  6/6        EV: 12    Int: 14    God:    Trog [***...]
Gold:   150        SH:  0    Dex: 11    Spells: 5/5 levels left

rFire   . . .      SeeInvis .   a - +0 mace
rCold   . . .      Faith    .   (no shield)
rNeg    + . .      Spirit   .   r - +0 leather armour
rPois   ∞          Reflect  .   (no helmet)
rElec   +          Harm     .   (no cloak)
rCorr   .          Rampage  .   (no gloves)
Will    .....                   (no boots)
Stlth   ..........              (no amulet)
HPRegen 0.19/turn               g - +6 ring of intelligence
MPRegen 0.10/turn               t - +6 ring of strength

@: berserking, very quick
A: sickness immunity, AC +4, negative energy resistance 1, electricity
resistance, torment resistance 1, petrification resistance
a: Renounce Religion, Berserk, Trog's Hand


You were on level 5 of the Dungeon.
You worshipped Trog.
Trog was most pleased with you.
You visited 1 branch of the dungeon, and saw 5 of its levels.

You collected 150 gold pieces.

Inventory:

Hand Weapons
 a - a +0 mace (weapon)
 h - a +0 shortbow
 v - a +0 sling
Missiles
 f - 66 stones (quivered)
Armour
 r - a +0 leather armour (worn)
 w - a +0 chain mail
 x - a +0 scale mail
 y - a +0 ring mail
Jewellery
 g - a +6 ring of intelligence (left hand)
 t - a +6 ring of strength (right hand)
Wands
 q - a wand of roots (7)
Scrolls
 d - a scroll of brand weapon {unknown}
 e - a scroll of enchant weapon {unknown}
 l - 2 scrolls of enchant armour {unknown}
 n - 3 scrolls of teleportation {unknown}
 p - a scroll of vulnerability {unknown}
 s - a scroll of fear {unknown}
 u - a scroll of blinking {unknown}
Potions
 b - a potion of resistance {unknown}
 c - 3 potions of curing
 i - 2 potions of lignification
 j - 2 potions of invisibility
 k - a potion of attraction
 m - a potion of mutation {unknown}
 o - 2 potions of flight


   Skills:
 + Level 4.2 Fighting
 + Level 5.3 Maces & Flails
 * Level 3.7 Armour
 + Level 2.5 Dodging
 + Level 1.0 Stealth


You had 5 spell levels left.
You didn't know any spells.
Your spell library was empty.

Dungeon Overview and Level Annotations

Branches:
Dungeon (5/15)
 Temple: D:4-7

Altars:
Ashenzari
Fedhas
Gozag
Uskayaw

Shops:
D:5 ?


Innate Abilities, Weirdness & Mutations

You are immune to sickness and miasma.
Your stone body is resilient. (AC +4)
You are immune to poison.
You resist negative energy. (rN+)
You are resistant to electric shocks. (rElec)
You are resistant to unholy torment.
You are immune to petrification.


Message History

The orc wizard misses you.
The orc wizard gestures wildly while chanting.
The orc wizard flickers and vanishes!
The orc wizard gestures at you while chanting.
You are confused.
You completely miss the orc wizard.
The orc wizard is heavily wounded.
The orc wizard hits you with a +0 dagger.
You bump into the rock wall.
The orc wizard points at you and mumbles some strange words.
The magic dart hits you.
The orc priest calls down the wrath of Beogh upon you.
Beogh smites you!
* * * LOW HITPOINT WARNING * * *
You are too confused!
You barely miss the orc wizard.
The orc wizard is heavily wounded.
The orc wizard hits you but does no damage.
Something hits you but does no damage.
You miss something. Something hits you but does no damage.
The orc wizard points at you and mumbles some strange words.
The magic dart hits you but does no damage.
You miss the orc wizard.
The orc wizard is heavily wounded.
You feel less confused.
The orc priest looks encouraged for a moment.
The orc wizard mumbles some strange words.
The orc wizard flickers and vanishes!
Something hits you but does no damage.
You hit something.
You hear some strange, mumbled words.
A magic dart appears from out of thin air!
The magic dart hits you.
* * * LOW HITPOINT WARNING * * *
Something hits you but does no damage.
You hear some strange, mumbled words.
A red film seems to cover your vision as you go berserk!
You feel yourself moving faster!
You feel mighty!
The orc priest calls down the wrath of Beogh upon you.
Beogh smites you!
You die...

. .. ... ....
.....
./...o######♣##
?...oo'.@#....#
.....o##{..♣∩♣#
..... ##.....#
.### ##..♣.# #..
##..#######.##..
##.##..........
#.##.#######.#
#....#######.#
####....##...#


You could see an orc priest and 3 orcs.

Vanquished Creatures
  A phantom (D:4)
  A hound (D:4)
  An iguana (D:4)
  An orc wizard (D:5)
  7 adders
  3 worms (D:2)
  3 dart slugs
  6 orcs
  7 ball pythons
  12 endoplasms
  3 giant cockroaches
  5 goblins
  9 hobgoblins
  2 jackals (D:3)
  4 quokkas
  5 bats
  4 frilled lizards
  7 kobolds
  7 rats
88 creatures vanquished.

Vanquished Creatures (others)
  An orc wizard (D:5)
  10 plants (D:3)
11 creatures vanquished.

Grand Total: 99 creatures vanquished

Notes
Turn   | Place    | Note
-------+----------+-------------------------------------------
     0 | D:1      | KittyFluff the Gargoyle Berserker began the quest for the
                  | Orb.
     0 | D:1      | Reached XP level 1. HP: 14/14 MP: 1/1
    79 | D:1      | Reached XP level 2. HP: 9/19 MP: 2/2
   937 | D:1      | Noticed an eye of devastation
   941 | D:1      | Noticed a golden eye
   943 | D:1      | Found a faded altar of an unknown god.
   945 | D:1      | Noticed an eye of devastation
   945 | D:1      | Noticed a golden eye
  1004 | D:1      | Reached XP level 3. HP: 23/23 MP: 3/3
  1526 | D:2      | Reached XP level 4. HP: 28/29 MP: 4/4
  1656 | D:2      | Reached skill level 4 in Maces & Flails
  1797 | D:2      | Found a blossoming altar of Fedhas.
  1941 | D:2      | Reached ** piety under Trog
  2424 | D:3      | Reached XP level 5. HP: 33/33 MP: 5/5
  2582 | D:3      | Found a hide-covered altar of Uskayaw.
  3154 | D:4      | Found a broken altar of Ashenzari.
  3160 | D:4      | Noticed a phantom
  3180 | D:4      | Killed a phantom
  3181 | D:4      | Reached skill level 5 in Maces & Flails
  3181 | D:4      | Reached XP level 6. HP: 28/38 MP: 6/6
  3218 | D:4      | Found an opulent altar of Gozag.
  3273 | D:4      | Reached *** piety under Trog
  3403 | D:5      | Entered Level 5 of the Dungeon
  3446 | D:5      | Reached skill level 1 in Stealth
  3806 | D:5      | Found Jyton's Magic Scroll Boutique.
  3838 | D:5      | Killed from afar by an orc priest

Illustrated notes

Levels and vault maps discovered:
D:1:      heliophobic_arrival_enchanted_forest, layout_loops_cross,
          hellmonk_ecumenical_altar_watching_god
D:2:      layout_basic, basic_altar, minmay_misc_feat_rows,
          minmay_split_cup_small
D:3:      cheibrodos_old_hovel, layout_rooms, mainiacjoe_overflow_cross_hatched
D:4:      layout_rooms, kennysheep_mini_moat, nicolae_gozag_seed_capital,
          minmay_misc_feat_nine_boxes
D:5:      lemuel_ratsnest, layout_basic, elyvilon_altar_5,
          minmay_temple_entry_slanted, serial_shops, kennysheep_mini,
          nicolae_shop_trees, shop, uniq_blork_the_orc, uniq_duvessa

Skill      XL: |  1  2  3  4  5  6 |
---------------+-------------------+-----
Maces & Flails | 4 5 |  5.3
Dodging        | 2 |  2.5
Armour         | 3 |  3.7
Fighting       | 4 |  4.2
Stealth        | 1 |  1.0

Action                   |  1- 3 |  4- 6 || total
-------------------------+-------+-------++-------
Melee: Mace              |   103 |   217 ||   320
       Punch             |     2 |     1 ||     3
Invok: Berserk           |       |     1 ||     1
  Use: Scroll            |       |     6 ||     6
 Stab: Sleeping          |     1 |     1 ||     2
Armor: Animal skin       |    41 |    21 ||    62
       Leather armour    |       |    68 ||    68
Dodge: Dodged            |    77 |   138 ||   215
